 Dungeon Crawl Stone Soup version 0.26-a0-712-ga5a9c9c9d0 (webtiles) character file.

Game seed: 1411597069834306544

32782 reriks the Blocker (level 13, -3/123 HPs)
             Began as a Deep Dwarf Fighter on Nov 1, 2020.
             Was a High Priest of Makhleb.
             Killed from afar by a rime drake (16 damage)
             ... with a flash freeze
             ... on level 4 of the Lair of Beasts.
             The game lasted 00:09:42 (9811 turns).

reriks the Blocker (Deep Dwarf Fighter)             Turns: 9811, Time: 00:09:42

Health: -3/123     AC: 11    Str: 30    XL:     13   Next: 33%
Magic:  1/1        EV: 14    Int: 15    God:    Makhleb [*****.]
Gold:   1424       SH: 17    Dex: 17    Spells: 12/12 levels left

rFire    + + .     SeeInvis +   s - +10 spear of Psychosis {holy, rElec rF- MR++ Str+4}
rCold    + . .     Faith    .   E - +3 kite shield {rN+}
rNeg     + . .     Spirit   .   H - +0 plate armour
rPois    .         Reflect  .   I - +0 helmet of Pathos {Slay+3}
rElec    +         Harm     .   u - scarf {rC+ rF+}
rCorr    .         Rampage  .   (no gloves)
MR       +++..                  (no boots)
Stlth    ..........             r - amulet of Reuty {Regen+ Str+3 Int+6}
HPRegen  0.00/turn              l - ring of see invisible
MPRegen  0.07/turn              t - ring "Tutib" {rF+ Dex+5 SInv Stlth+}

@: non-regenerating
A: damage resistance, heal wounds, deformed body, fire resistance 1, sense
surroundings 2, weak 1, no regeneration
a: Heal Wounds, Minor Destruction, Lesser Servant of Makhleb, Major Destruction,
Greater Servant of Makhleb, Renounce Religion


You were on level 4 of the Lair of Beasts.
You worshipped Makhleb.
Makhleb was extremely pleased with you.
You visited 3 branches of the dungeon, and saw 15 of its levels.

You collected 1584 gold pieces.
You spent 160 gold pieces at shops.

Inventory:

Hand Weapons
 a - a +1 war axe
 s - the +10 spear of Psychosis (weapon) {holy, rElec rF- MR++ Str+4}
   (You bought it in a shop on level 5 of the Dungeon)

   It has been blessed by the Shining One to cause great damage to the undead
   and demons.
   It affects your strength (+4).
   It makes you vulnerable to fire.
   It insulates you from electricity.
   It affects your resistance to hostile enchantments.
Armour
 b - a +0 scale mail
 c - a +1 kite shield
 f - a +1 hat
 u - a scarf of resistance (worn)
 E - a +3 kite shield of positive energy (worn)
 H - a +0 plate armour (worn)
 I - the +0 helmet of Pathos (worn) {Slay+3}
   (You acquired it on level 7 of the Dungeon)

   It affects your accuracy and damage with ranged weapons and melee attacks
   (+3).
 J - a +2 hat
Jewellery
 g - a cursed -4 ring of evasion {unknown}
 l - a ring of see invisible (left hand)
 r - the amulet of Reuty (around neck) {Regen+ Str+3 Int+6}
   (You found it on level 5 of the Dungeon)

   [amulet of regeneration]

   It affects your strength (+3).
   It affects your intelligence (+6).
   It increases your rate of regeneration.
 t - the ring "Tutib" (right hand) {rF+ Dex+5 SInv Stlth+}
   (You found it on level 6 of the Dungeon)

   [ring of see invisible]

   It affects your dexterity (+5).
   It protects you from fire.
   It lets you see invisible.
   It makes you more stealthy.
 y - a +6 ring of dexterity
 z - an uncursed ring of stealth
 D - a cursed -4 ring of slaying
 G - a +6 ring of strength
 L - an uncursed ring of flight {unknown}
Wands
 C - a wand of acid (15)
 F - a wand of random effects (23)
 K - a wand of flame (14)
Scrolls
 e - 7 scrolls of teleportation
 k - a scroll of identify
 m - 3 scrolls of remove curse
 n - 2 scrolls of blinking
 w - 2 scrolls of amnesia
 x - a scroll of fog
 A - 3 scrolls of enchant weapon
 M - a scroll of fear
 N - a scroll of enchant armour
 O - a scroll of summoning {unknown}
Potions
 d - 3 potions of might
 h - 10 potions of curing
 i - a potion of stabbing
 j - 2 potions of haste
 o - a potion of degeneration
 p - 2 potions of heal wounds
 q - 2 potions of lignification
 v - 3 potions of flight
 B - a potion of resistance


   Skills:
 + Level 10.0 Fighting
 - Level 4.0(8.0) Axes
 + Level 9.1(9.3) Polearms
 + Level 11.7 Armour
 + Level 11.2 Dodging
 + Level 11.7 Shields


You had 12 spell levels left.
You didn't know any spells.
Your spell library contained the following spells:

 Spells                   Type           Power        Failure   Level
 Animate Skeleton         Necr           #.....       95%         1
 Freeze                   Ice            #...         95%         1
 Magic Dart               Conj           #...         95%         1
 Pain                     Necr           #...         95%         1
 Blink                    Tloc           N/A          99%         2
 Call Imp                 Summ           #.......     99%         2
 Slow                     Hex            #.......     99%         2
 Conjure Flame            Conj/Fire      #.......     100%        3
 Frozen Ramparts          Ice            #.....       100%        3
 Mephitic Cloud           Conj/Pois/Air  #.......     100%        3
 Ozocubu's Armour         Ice            #.......     100%        3
 Vampiric Draining        Necr           #.........   100%        3
 Animate Dead             Necr           #.........   100%        4
 Hailstorm                Conj/Ice       #.......     100%        4
 Summon Ice Beast         Ice/Summ       #.......     100%        4
 Agony                    Necr           #.......     100%        5


Dungeon Overview and Level Annotations

Branches:
Dungeon (10/15)            Temple (1/1) D:7            Lair (4/6) D:10
 Shoals (0/4) Lair:4        Snake (0/4) Lair:4          Orc (0/2) D:9

Altars:
Ashenzari
Dithmenos
Elyvilon
Fedhas
Gozag
Hepliaklqana
Kikubaaqudgha
Makhleb
Nemelex Xobeh
Okawaru
Qazlal
Ru
Sif Muna
Trog
Uskayaw
Vehumet
Wu Jian
Yredelemnul
Zin
The Shining One

Shops:
D:5 (   D:9 :

Portals:
Volcano: Lair:3

Annotations:
D:7 2 transporters, xraymikek's ghost, novice DrFE
D:10 3 runed translucent doors
Lair:4 3 runed translucent doors, Lutiheq's ghost, journeyman DrTm


Innate Abilities, Weirdness & Mutations

You are resistant to damage.
You can heal yourself by infusing magical energy.
You passively map the area around you.
You do not regenerate.
Armour fits poorly on your strangely shaped body.
Your flesh is heat resistant. (rF+)
You are weak. (Str -2)


Message History

The seven-headed hydra closely misses you.
The seven-headed hydra bites you!
* * * LOW HITPOINT WARNING * * *
The seven-headed hydra bites you.
You block the seven-headed hydra's attack.
You hit the seven-headed hydra but do no damage.
The seven-headed hydra is almost dead.
The ice encasing you melts away. You block the rime drake's attack.
You barely miss the seven-headed hydra.
The seven-headed hydra is almost dead.
You block the seven-headed hydra's attack. x2
The seven-headed hydra bites you.
You block the seven-headed hydra's attack. x2
The seven-headed hydra bites you.
* * * LOW HITPOINT WARNING * * *
The seven-headed hydra closely misses you.
The rime drake breathes ice at you. The flash freeze hits you!!
You partially resist.
You die...

, , * , , , * *
* ,, ,,
,,P.?........##.
, ,,
............# ,,
, ,
*#.$.........#*
, **#...........
, , *
#.........# ,
,,, <,,,
#.........##. ,
, ,
##....k....... ,
, ,
##....D@.<..## ,
, , , *
#.#...........#
, #............#
*, , , *
##............ ,
, . ...#
##.###+++###.
,.# .##P+.#
#.#.DlHW..#, ,
#+. ......##
##.#.#l.##.# ,
... .......###
#P.###.)...# ,,
,... .........
###.# ##.#. ,
...


You could see a minotaur, a seven-headed hydra, a six-headed hydra, 2 basilisks,
a rime drake (catching breath) and Lutiheq's ghost.

Vanquished Creatures
  Gastronok (Lair:1)
  Harold (D:8)
  A boulder beetle (Lair:2)
  3 hydras
  A catoblepas (Lair:3)
  2 two-headed ogres
  An unseen horror (D:7)
  A manticore (Lair:4)
  3 elephants (Lair:4)
  2 black mambas
  Joseph (D:7)
  A gargoyle (D:10)
  A torpor snail (Lair:4)
  7 cane toads
  2 rime drakes
  6 komodo dragons
  3 polar bears
  A troll (D:10)
  A wind drake (Lair:4)
  A slime creature (D:8)
  7 blink frogs (Lair:3)
  6 dream sheep (Lair:4)
  40 yaks
  A basilisk (Lair:1)
  2 wraiths
  2 wyverns
  A steam dragon (D:10)
  3 nagas (Lair:4)
  A warg (D:9)
  9 water moccasins
  7 orc warriors
  2 ice beasts
  A necrophage (D:9)
  A sky beast (D:8)
  7 black bears
  2 phantoms
  10 wolves
  6 ogres
  4 centaurs
  12 bullfrogs
  3 scorpions
  9 killer bees
  4 electric eels
  5 wights (D:10)
  A howler monkey (D:5)
  A bullfrog zombie (D:7)
  2 quasits (D:8)
  2 centaur zombies
  3 hounds
  3 jellies
  9 orc wizards
  10 orc priests
  A centaur skeleton (D:9)
  2 iguanas (D:5)
  13 worker ants
  A bullfrog simulacrum (D:8)
  A hound zombie (D:6)
  A howler monkey zombie (D:10)
  A worker ant zombie (D:9)
  20 adders
  4 gnolls (D:4)
  A howler monkey skeleton (D:8)
  A shadow imp (D:7)
  6 white imps
  3 ufetubi
  2 oozes
  An adder zombie (D:8)
  3 adder skeletons
  3 worms
  3 dart slugs
  6 leopard geckos
  36 orcs
  3 ball pythons
  9 bats
  3 giant cockroaches
  6 goblins
  5 hobgoblins
  16 jackals
  10 kobolds
  5 quokkas
  2 frilled lizards
  A jackal skeleton (D:8)
  2 leopard gecko zombies
  2 quokka simulacra (D:8)
  15 rats
404 creatures vanquished.

Vanquished Creatures (others)
  An orc wizard (D:9)
  A leopard gecko zombie (D:4)
  20 fungi
  26 plants
48 creatures vanquished.

Grand Total: 452 creatures vanquished

Notes
Turn   | Place    | Note
-------+----------+-------------------------------------------
     0 | D:1      | reriks the Deep Dwarf Fighter began the quest for the Orb.
     0 | D:1      | Reached XP level 1. HP: 20/20 MP: 1/1
    32 | D:1      | Reached XP level 2. HP: 27/27 MP: 2/2
   201 | D:1      | Reached skill level 1 in Dodging
   252 | D:1      | Reached XP level 3. HP: 23/33 MP: 3/3
   627 | D:2      | Found a hazy altar of Hepliaklqana.
   937 | D:2      | Reached XP level 4. HP: 24/42 MP: 3/3
  1057 | D:2      | Found a glowing silver altar of Zin.
  1310 | D:3      | Found a basalt altar of Yredelemnul.
  1489 | D:4      | Reached XP level 5. HP: 44/49 MP: 3/3
  1660 | D:4      | Gained mutation: Armour fits poorly on your strangely
                  | shaped body. [potion of mutation]
  1660 | D:4      | Gained mutation: You are weak. (Str -2) [potion of
                  | mutation]
  1660 | D:4      | Gained mutation: You evolve. [potion of mutation]
  1868 | D:4      | Found a white marble altar of Elyvilon.
  1892 | D:4      | Reached XP level 6. HP: 30/56 MP: 4/4
  2021 | D:5      | Entered Level 5 of the Dungeon
  2177 | D:5      | Got a glittering ivory amulet
  2180 | D:5      | Found Qywennow's Antique Weapon Emporium.
  2186 | D:5      | Bought a translucent spear for 160 gold pieces
  2186 | D:5      | Identified the +10 spear of Psychosis {holy, rElec rF- MR++
                  | Str+4} (You bought it in a shop on level 5 of the Dungeon)
  2311 | D:5      | Found a shimmering blue altar of Sif Muna.
  2311 | D:5      | Found an opulent altar of Gozag.
  2354 | D:5      | Reached XP level 7. HP: 42/63 MP: 4/4
  2380 | D:5      | Reached skill level 5 in Shields
  2384 | D:5      | Reached skill level 5 in Armour
  2391 | D:5      | Reached skill level 1 in Polearms
  2396 | D:5      | Gained mutation: Your flesh is heat resistant. (rF+)
                  | [evolution]
  2396 | D:5      | Lost mutation: You evolve. [end of evolution]
  2707 | D:5      | Identified the amulet of Reuty {Regen+ Str+3 Int+6} (You
                  | found it on level 5 of the Dungeon)
  2818 | D:6      | Got a crude silver ring
  2819 | D:6      | Identified the ring "Tutib" {rF+ Dex+5 SInv Stlth+} (You
                  | found it on level 6 of the Dungeon)
  2958 | D:6      | Noticed a wraith
  2965 | D:6      | Killed a wraith
  2965 | D:6      | Reached XP level 8. HP: 62/73 MP: 4/4
  3194 | D:6      | Reached skill level 5 in Fighting
  3194 | D:6      | Reached skill level 5 in Dodging
  3581 | D:7      | Found a staircase to the Ecumenical Temple.
  3605 | Temple   | Entered the Ecumenical Temple
  3628 | Temple   | Became a worshipper of Makhleb the Destroyer
  3678 | D:7      | Found a sacrificial altar of Ru.
  3707 | D:7      | Noticed Joseph
  3710 | D:7      | Gained mutation: You passively map the area around you.
                  | [Deep Dwarf growth]
  3710 | D:7      | Reached XP level 9. HP: 61/81 MP: 3/3
  3727 | D:7      | Killed Joseph
  3760 | D:7      | Noticed an unseen horror
  3767 | D:7      | Killed an unseen horror
  3847 | D:7      | Found a transporter.
  3854 | D:7      | Found a transporter.
  3858 | D:7      | Noticed a moth of wrath
  3858 | D:7      | Noticed xraymikek's ghost (novice DrFE)
  4148 | D:7      | Found an ancient bone altar of Kikubaaqudgha.
  4419 | D:8      | Noticed Harold
  4435 | D:8      | Killed Harold
  4435 | D:8      | Reached skill level 5 in Polearms
  4435 | D:8      | Reached XP level 10. HP: 53/92 MP: 3/3
  4450 | D:8      | Reached * piety under Makhleb
  4497 | D:8      | Found a basalt altar of Yredelemnul.
  4720 | D:8      | Found a shimmering blue altar of Sif Muna.
  4737 | D:8      | Noticed a two-headed ogre
  4747 | D:8      | Killed a two-headed ogre
  4982 | D:8      | Reached ** piety under Makhleb
  5299 | D:7      | Identified 2 scrolls of acquirement
  5299 | D:7      | Acquired the +0 helmet of Pathos {Slay+3}
  5311 | D:7      | Acquired a scarf of resistance
  5469 | D:9      | Found a staircase to the Orcish Mines.
  5535 | D:9      | Found a shadowy altar of Dithmenos.
  5576 | D:9      | Found Peelau's Book Boutique.
  5976 | D:10     | Entered Level 10 of the Dungeon
  5986 | D:10     | Found a runed translucent gate.
  5986 | D:10     | Found a runed translucent gate.
  5987 | D:10     | Found a runed translucent gate.
  5988 | D:10     | Noticed a brown ugly thing
  5988 | D:10     | Noticed a cyan ugly thing
  5989 | D:10     | Noticed a cyan ugly thing
  5989 | D:10     | Noticed a brown very ugly thing
  5990 | D:10     | Noticed a brown ugly thing
  5991 | D:10     | Noticed a brown ugly thing
  6037 | D:10     | Reached *** piety under Makhleb
  6039 | D:10     | Reached XP level 11. HP: 100/100 MP: 3/3
  6179 | D:10     | Noticed a two-headed ogre
  6193 | D:10     | Killed a two-headed ogre
  6208 | D:10     | Noticed a five-headed hydra
  6216 | D:10     | Killed a five-headed hydra
  6484 | D:10     | Found a staircase to the Lair.
  6503 | Lair:1   | Entered Level 1 of the Lair of Beasts
  6574 | Lair:1   | Noticed Gastronok
  6587 | Lair:1   | Killed Gastronok
  6595 | Lair:1   | Reached skill level 10 in Shields
  6666 | Lair:1   | Reached skill level 10 in Armour
  6691 | Lair:1   | Noticed a seven-headed hydra
  6704 | Lair:1   | Killed a seven-headed hydra
  6704 | Lair:1   | Reached **** piety under Makhleb
  6921 | Lair:1   | Reached XP level 12. HP: 112/112 MP: 3/3
  6927 | Lair:1   | Acquired 735 gold pieces
  7554 | Lair:2   | Reached skill level 10 in Dodging
  7811 | Lair:2   | Noticed a boulder beetle
  7828 | Lair:2   | Killed a boulder beetle
  8530 | Lair:3   | Noticed a five-headed hydra
  8542 | Lair:3   | Killed a five-headed hydra
  8613 | Lair:3   | Noticed a catoblepas
  8652 | Lair:3   | Killed a catoblepas
  8886 | Lair:3   | Reached ***** piety under Makhleb
  9073 | Lair:3   | Found a dark tunnel.
  9236 | Lair:4   | Found a staircase to the Snake Pit.
  9268 | Lair:4   | Reached XP level 13. HP: 107/121 MP: 1/1
  9614 | Lair:4   | Found a staircase to the Shoals.
  9653 | Lair:4   | Reached skill level 10 in Fighting
  9659 | Lair:4   | Found a gate leading to a gauntlet.
  9801 | Lair:4   | Found a runed translucent gate.
  9801 | Lair:4   | Found a runed translucent gate.
  9801 | Lair:4   | Found a runed translucent gate.
  9801 | Lair:4   | Noticed a minotaur
  9803 | Lair:4   | Noticed Lutiheq's ghost (journeyman DrTm)
  9811 | Lair:4   | Killed from afar by a rime drake

Illustrated notes

Levels and vault maps discovered:
D:1:      mrwooster_arrival_statue_3, layout_rooms
D:2:      layout_loops_cross, nicolae_overflow_crystal_walls, zin_treasury
D:3:      layout_rooms, lemuel_round_altar
D:4:      layout_basic, elyvilon_altar_4
D:5:      layout_loops_ring, nicolae_overflow_hidden_temple,
          gammafunk_temple_overflow_elements, serial_shops, nicolae_shop_stone,
          kennysheep_small_square
D:6:      layout_loops_ring
D:7:      layout_gridville, kennysheep_mini, minmay_temple_entry_glass,
          gammafunk_ghost_berserking_beasts, grunt_ogre_cave,
          nicolae_ru_the_path_less_chosen, uniq_joseph
D:8:      kennysheep_big_flooded_room, layout_cave_pools, serial_ice,
          serial_ice_d, serial_ice_i, serial_ice_h, serial_ice_a, serial_ice_g,
          serial_ice_b, basic_altar, small_chamber_with_monster,
          lemuel_blue_sif_altar, uniq_harold
D:9:      layout_rooms, grunt_dithmenos_smoke, david_orc_3, serial_shops,
          nicolae_shop_stone
D:10:     layout_stronghold, grunt_lair_entry_orc_guard_hut,
          ploomutoo_gammafunk_ghost_potion_laboratory, serial_bayou_lake_a
Temple:   cyrus_circular_temple
Lair:1:   layout_loops_ring, uniq_gastronok
Lair:2:   layout_layer_cave, grunt_megastairs_3
Lair:3:   layout_misc_corridors, lightli_volcano_entry_magma_tube
Lair:4:   layout_roguey, minmay_shoals_entry_beasts,
          guppyfry_snake_entry_island, maelrawn_ghost_gauntlet_escape,
          gauntlet_entry_generic, lemuel_fruit_fields, serial_bayou_shore_b

Skill      XL: |  1  2  3  4  5  6  7  8  9 10 11 12 13 |
---------------+----------------------------------------+-----
Dodging        | 1 2 3 4 5 7 8 9 10 11 | 11.2
Fighting       | 3 4 5 6 7 8 9 10 | 10.0
Axes           | 3 4 |  4.0
Shields        | 4 5 6 8 9 10 11 | 11.7
Armour         | 4 5 6 7 9 10 11 | 11.7
Polearms       | 2 3 5 6 7 8 9 |  9.1

Action                   |  1- 3 |  4- 6 |  7- 9 | 10-12 | 13-15 || total
-------------------------+-------+-------+-------+-------+-------++-------
Melee: War axe           |   129 |   167 |       |       |       ||   296
       Spear             |       |    20 |   270 |   878 |   199 ||  1367
 Abil: Heal Wounds       |     1 |     4 |    18 |    18 |     2 ||    43
  Use: Scroll            |       |     6 |     3 |    20 |       ||    29
       Potion            |       |     1 |       |     3 |       ||     4
 Stab: Sleeping          |       |       |     1 |       |       ||     1
Armor: Scale mail        |    57 |    54 |    58 |    41 |       ||   210
       Plate armour      |       |       |       |   145 |    44 ||   189
Dodge: Dodged            |    39 |    56 |   157 |   349 |    94 ||   695
Block: Kite shield       |    81 |   104 |   209 |   661 |   181 ||  1236

Table legend: (Time is in decaauts)
 A = Elapsed time spent in this place.
 B = Non-inter-level travel time spent in this place.
 C = Inter-level travel time spent in this place.
 D = Time resting spent in this place.
 E = Time spent auto-exploring this place.
 F = Levels seen in this place.
 G = Mean time per level.
                   A        B        C        D        E       F      G
               +--------+--------+--------+--------+--------+-----+--------+
         Total |   9700 |   9186 |    514 |    282 |   6464 |  15 |  646.7 |
       Dungeon |   6540 |   6077 |    463 |    140 |   4215 |  10 |  654.0 |
        Temple |     36 |     24 |     12 |      0 |     16 |   1 |   36.0 |
          Lair |   3123 |   3084 |     39 |    142 |   2233 |   4 |  780.8 |
               +--------+--------+--------+--------+--------+-----+--------+

Top non-repeatable levels by time:
  Lair:2: 1182 daAuts
     D:7: 1006 daAuts
     D:8: 854 daAuts
     D:6: 777 daAuts
     D:5: 751 daAuts
  Lair:1: 715 daAuts
  Lair:3: 706 daAuts
     D:2: 697 daAuts
     D:4: 595 daAuts
     D:1: 523 daAuts
  Lair:4: 518 daAuts
    D:10: 517 daAuts
     D:9: 501 daAuts
     D:3: 315 daAuts
  Temple: 36 daAuts
